MID
QUAD CITIES RIVER BANDITS @ CEDAR RAPIDS KERNELS
08/02/2047
 
TOP OF THE 1ST
Quad Cities River Bandits batting - Pitching for Cedar Rapids Kernels : LHP Bobby Molina
Pitching: LHP Bobby Molina
Batting: RHB Reginald McDougall 0-0: Foul Ball, location: 2F
0-1: Ball
1-1: Ball
2-1: Foul Ball, location: 2F
2-2: Strikes out swinging
Batting: RHB Matthew Adams 0-0: Foul Ball, location: 2F
0-1: Ball
1-1: Ball
2-1: Ground out 5-3 (Groundball, 56, EV 86.9 MPH)
Batting: RHB Marty King 0-0: Foul Ball, location: 2F
0-1: Ball
1-1: Called Strike
1-2: Strikes out looking
Top of the 1st over - 0 runs, 0 hits, 0 errors, 0 left on base; Quad Cities 0 - Cedar Rapids 0
BOTTOM OF THE 1ST
Cedar Rapids Kernels batting - Pitching for Quad Cities River Bandits : RHP Josh Willig
Pitching: RHP Josh Willig
Batting: SHB Matt Urbani 0-0: Foul Ball, location: 2F
0-1: Foul Ball, location: 2F
0-2: Foul Ball, location: 2F
0-2: Foul Ball, location: 2F
0-2: Ball
1-2: Foul Ball, location: 2F
1-2: Ball
2-2: Fly out, F7 (Flyball, 78D, EV 80.0 MPH)
Batting: RHB John Dew 0-0: Ball
1-0: Ball
2-0: Ball
3-0: Base on Balls
Batting: RHB Ryan Gautney 0-0: Called Strike
0-1: Swinging Strike
0-2: Strikes out swinging
Batting: LHB David Campbell 0-0: Called Strike
0-1: SINGLE (Groundball, 6, EV 95.6 MPH)
John Dew to second
Batting: SHB Manny Molina 0-0: Ball
1-0: Ball
2-0: Swinging Strike
2-1: Called Strike
2-2: Strikes out looking
Bottom of the 1st over - 0 runs, 1 hit, 0 errors, 2 left on base; Quad Cities 0 - Cedar Rapids 0
TOP OF THE 2ND
Quad Cities River Bandits batting - Pitching for Cedar Rapids Kernels : LHP Bobby Molina
Batting: RHB Bobby Larson 0-0: Ball
1-0: Foul Ball, location: 2F
1-1: Ball
2-1: Foul Ball, location: 2F
2-2: Foul Ball, location: 2F
2-2: Strikes out swinging
Batting: RHB Adrian Martinelli 0-0: Swinging Strike
0-1: Ball
1-1: Swinging Strike
1-2: Hit by Pitch
Batting: RHB Alex Campos 0-0: Called Strike
0-1: Ball
1-1: Ball
2-1: Ball
3-1: Base on Balls
Adrian Martinelli to second
Batting: RHB Erik Smith 0-0: Ball
1-0: Ball
Wild Pitch!
Adrian Martinelli to third
Alex Campos to second
2-0: Called Strike
2-1: Foul Ball, location: 2F
2-2: Ball
3-2: Strikes out looking
Batting: RHB Kieron Clark 0-0: Ball
1-0: Ball
2-0: Ball
3-0: Called Strike
3-1: SINGLE (Groundball, 6D, EV 100.0 MPH)
Adrian Martinelli scores
Alex Campos to third
Runner from 3rd tries for Home, SAFE, throw by CF to home
Kieron Clark to second
Batting: RHB Jason Monico 0-0: Ball
1-0: Ball
2-0: Ball
3-0: Base on Balls
Batting: RHB Reginald McDougall 0-0: Called Strike
0-1: Ball
1-1: Swinging Strike
1-2: Foul Ball, location: 2F
1-2: Ball
2-2: SINGLE (Flyball, 8LS, EV 91.2 MPH)
Kieron Clark to third
Jason Monico to second
Batting: RHB Matthew Adams 0-0: Ball
1-0: Swinging Strike
1-1: Swinging Strike
1-2: Foul Ball, location: 2F
1-2: Ball
2-2: Strikes out swinging
Top of the 2nd over - 2 runs, 2 hits, 0 errors, 3 left on base; Quad Cities 2 - Cedar Rapids 0
BOTTOM OF THE 2ND
Cedar Rapids Kernels batting - Pitching for Quad Cities River Bandits : RHP Josh Willig
Batting: RHB Tony Crespo 0-0: Ball
1-0: Foul Ball, location: 2F
1-1: Foul Ball, location: 2F
1-2: Ball
2-2: Ball
3-2: Foul Ball, location: 2F
3-2: Base on Balls
Batting: LHB Yasutoshi Hayashi 0-0: Foul Ball, location: 2F
0-1: Ball
1-1: Called Strike
1-2: Ball
2-2: Strikes out swinging
Batting: RHB Nick Phipps 0-0: Ball
1-0: Called Strike
1-1: Ball
2-1: Swinging Strike
2-2: Strikes out looking
Batting: RHB Rick Kendall 0-0: Ball
1-0: Called Strike
1-1: Ball
2-1: Ball
3-1: Ground out U3 (Groundball, 3, EV 104.4 MPH)
Bottom of the 2nd over - 0 runs, 0 hits, 0 errors, 1 left on base; Quad Cities 2 - Cedar Rapids 0
TOP OF THE 3RD
Quad Cities River Bandits batting - Pitching for Cedar Rapids Kernels : LHP Bobby Molina
Batting: RHB Marty King 0-0: Called Strike
0-1: Ball
1-1: Foul Ball, location: 2F
1-2: Strikes out swinging
Batting: RHB Bobby Larson 0-0: Called Strike
0-1: Foul Ball, location: 2F
0-2: Fly out, F3 (Popup, 3SF, EV 87.5 MPH)
Batting: RHB Adrian Martinelli 0-0: Ball
1-0: Ball
2-0: Called Strike
2-1: Called Strike
2-2: Foul Ball, location: 2F
2-2: Foul Ball, location: 2F
2-2: Ball
3-2: Foul Ball, location: 2F
3-2: SINGLE (Groundball, 56D, EV 105.0 MPH)
Batting: RHB Alex Campos Pickoff Throw to First - Out! 1-3
Top of the 3rd over - 0 runs, 1 hit, 0 errors, 0 left on base; Quad Cities 2 - Cedar Rapids 0
BOTTOM OF THE 3RD
Cedar Rapids Kernels batting - Pitching for Quad Cities River Bandits : RHP Josh Willig
Batting: SHB Matt Urbani 0-0: Called Strike
0-1: Ball
1-1: Foul Ball, location: 2F
1-2: Ball
2-2: Ground out 4-3 (Groundball, 4, EV 88.1 MPH)
Batting: RHB John Dew 0-0: Called Strike
0-1: Foul Ball, location: 2F
0-2: Ball
1-2: Ball
2-2: SINGLE (Groundball, 6D, EV 100.0 MPH)
Batting: RHB Ryan Gautney 0-0: Ball
1-0: Ball
2-0: Ball
3-0: Base on Balls
John Dew to second
Batting: LHB David Campbell 0-0: Ball
1-0: Called Strike
1-1: DOUBLE (Line Drive, 7LM, EV 115.0 MPH)
John Dew scores
Ryan Gautney to third
Batting: SHB Manny Molina 0-0: Called Strike
0-1: Foul Ball, location: 2F
0-2: Foul Ball, location: 2F
0-2: Strikes out swinging
Batting: RHB Tony Crespo 0-0: Called Strike
0-1: Ball
1-1: Ball
2-1: Swinging Strike
2-2: Strikes out swinging
Bottom of the 3rd over - 1 run, 2 hits, 0 errors, 2 left on base; Quad Cities 2 - Cedar Rapids 1
TOP OF THE 4TH
Quad Cities River Bandits batting - Pitching for Cedar Rapids Kernels : LHP Bobby Molina
Batting: RHB Alex Campos 0-0: Ball
1-0: DOUBLE (Flyball, 8LXD, EV 106.9 MPH)
Batting: RHB Erik Smith 0-0: Called Strike
0-1: Ball
1-1: Ground out 6-3 (Groundball, 6M, EV 101.2 MPH)
Alex Campos to third
Batting: RHB Kieron Clark 0-0: Swinging Strike
0-1: Swinging Strike
0-2: Strikes out looking
Batting: RHB Jason Monico 0-0: Called Strike
0-1: Called Strike
0-2: Strikes out swinging
Top of the 4th over - 0 runs, 1 hit, 0 errors, 1 left on base; Quad Cities 2 - Cedar Rapids 1
BOTTOM OF THE 4TH
Cedar Rapids Kernels batting - Pitching for Quad Cities River Bandits : RHP Josh Willig
Batting: LHB Yasutoshi Hayashi 0-0: Ball
1-0: Ball
2-0: Ball
3-0: Called Strike
3-1: Called Strike
3-2: Base on Balls
Batting: RHB Nick Phipps 0-0: Foul Ball, location: 2F
0-1: Ball
1-1: Ball
Yasutoshi Hayashi steals 2nd base (no throw)
2-1: Ball
3-1: Called Strike
3-2: Foul Ball, location: 2F
3-2: Base on Balls
Batting: RHB Rick Kendall 0-0: Foul Ball, location: 2F
0-1: Called Strike
0-2: Ball
1-2: Ball
2-2: Fielders Choice at 2nd, 5-4 (Groundball, 15, EV 88.8 MPH)
Yasutoshi Hayashi to third
Pitching: LHP T.J. Westover
Batting: SHB Matt Urbani 0-0: Ball
1-0: Called Strike
Rick Kendall steals 2nd base
1-1: Foul Ball, location: 2F
1-2: Foul Ball, location: 2F
1-2: Foul Ball, location: 2F
1-2: Foul Ball, location: 2F
1-2: Ball
2-2: Ball
Passed Ball!
Yasutoshi Hayashi scores
Rick Kendall to third
3-2: Fly out, F9 (Flyball, 89D, EV 85.6 MPH)
Runner from 3rd tags up, SCORES, throw by RF
Batting: RHB John Dew 0-0: Ball
1-0: SINGLE (Groundball, 6D, EV 101.9 MPH)
Batting: RHB Ryan Gautney 0-0: Ball
1-0: Swinging Strike
1-1: Ball
2-1: Called Strike
2-2: Hit by Pitch
John Dew to second
Batting: LHB David Campbell 0-0: Swinging Strike
0-1: Foul Ball, location: 2F
0-2: Foul Ball, location: 2LF, Error on foul ball, E2
0-2: Foul Ball, location: 2F
0-2: SINGLE (Groundball, 4MD, EV 100.0 MPH)
John Dew to third
Ryan Gautney to second
Runner from 3rd tries for Home, SAFE, throw by CF to home
Batting: SHB Manny Molina 0-0: Called Strike
0-1: Swinging Strike
0-2: Strikes out looking
Bottom of the 4th over - 3 runs, 2 hits, 1 error, 2 left on base; Quad Cities 2 - Cedar Rapids 4
TOP OF THE 5TH
Quad Cities River Bandits batting - Pitching for Cedar Rapids Kernels : LHP Bobby Molina
Batting: RHB Reginald McDougall 0-0: Foul Ball, location: 2F
0-1: Ground out 4-3 (Groundball, 13, EV 83.8 MPH)
Batting: RHB Matthew Adams 0-0: Ball
1-0: DOUBLE (Line Drive, 5D, EV 95.6 MPH)
Batting: RHB Marty King 0-0: Called Strike
0-1: Called Strike
0-2: Foul Ball, location: 2F
0-2: SINGLE (Groundball, 34D, EV 101.9 MPH)
Matthew Adams to third
Batting: RHB Bobby Larson 0-0: Ball
1-0: Foul Ball, location: 2F
1-1: Ball
2-1: Called Strike
2-2: Ball
3-2: Base on Balls
Marty King to second
Batting: RHB Adrian Martinelli 0-0: Ball
1-0: Swinging Strike
1-1: Ball
2-1: Ball
3-1: Base on Balls
Matthew Adams scores
Marty King to third
Bobby Larson to second
Batting: RHB Alex Campos 0-0: DOUBLE (Flyball, 8LXD, EV 100.0 MPH)
Marty King scores
Bobby Larson scores
Adrian Martinelli to third
Runner from 3rd tries for Home, SAFE, throw by CF to trailing runner, OUT at third! 8-3-5
Pitching: LHP Josh Armstrong
Batting: RHB Erik Smith 0-0: Ball
1-0: Foul Ball, location: 2F
1-1: Called Strike
1-2: DOUBLE (Line Drive, 7LM, EV 101.2 MPH)
Batting: RHB Kieron Clark 0-0: Ball
1-0: Ball
2-0: Fly out, F8 (Flyball, 8LD, EV 106.9 MPH)
Top of the 5th over - 4 runs, 4 hits, 0 errors, 1 left on base; Quad Cities 6 - Cedar Rapids 4
BOTTOM OF THE 5TH
Cedar Rapids Kernels batting - Pitching for Quad Cities River Bandits : LHP T.J. Westover
Batting: RHB Tony Crespo 0-0: Swinging Strike
0-1: Ball
1-1: Foul Ball, location: 2F
1-2: Strikes out looking
Batting: LHB Yasutoshi Hayashi 0-0: Foul Ball, location: 2F
0-1: Ball
1-1: Ball
2-1: Ball
3-1: Base on Balls
Batting: RHB Nick Phipps 0-0: Foul Ball, location: 2F
0-1: Foul Ball, location: 2F
0-2: Ball
1-2: Foul Ball, location: 2F
1-2: Strikes out looking
Batting: RHB Rick Kendall 0-0: Called Strike
Yasutoshi Hayashi steals 2nd base (no throw)
0-1: Ground out 4-3 (Groundball, 4, EV 90.6 MPH)
Bottom of the 5th over - 0 runs, 0 hits, 0 errors, 1 left on base; Quad Cities 6 - Cedar Rapids 4
TOP OF THE 6TH
Quad Cities River Bandits batting - Pitching for Cedar Rapids Kernels : LHP Josh Armstrong
Batting: RHB Jason Monico 0-0: Swinging Strike
0-1: Ball
1-1: Foul Ball, location: 2F
1-2: Foul Ball, location: 2F
1-2: Foul Ball, location: 2F
1-2: Foul Ball, location: 2F
1-2: Foul Ball, location: 2F
1-2: Ground out 5-3 (Groundball, 5S, EV 63.8 MPH)
Batting: RHB Reginald McDougall 0-0: Called Strike
0-1: DOUBLE (Flyball, 9LD, EV 98.8 MPH)
Batting: RHB Matthew Adams 0-0: SINGLE (Flyball, 7S, EV 89.4 MPH)
Reginald McDougall to third
Batting: RHB Marty King 0-0: Called Strike
0-1: Ball
1-1: Ball
2-1: Called Strike
2-2: Fly out, F9 (Flyball, 9D, EV 91.2 MPH)
Batting: RHB Bobby Larson 0-0: Called Strike
0-1: Ball
1-1: Called Strike
1-2: Ball
2-2: Ball
3-2: Base on Balls
Matthew Adams to second
Batting: RHB Adrian Martinelli 0-0: Ball
1-0: Called Strike
1-1: Fielders Choice at 2nd, 6-4 (Groundball, 56, EV 110.0 MPH)
Top of the 6th over - 0 runs, 2 hits, 0 errors, 3 left on base; Quad Cities 6 - Cedar Rapids 4
BOTTOM OF THE 6TH
Cedar Rapids Kernels batting - Pitching for Quad Cities River Bandits : LHP T.J. Westover
Batting: SHB Matt Urbani 0-0: Ball
1-0: Ball
2-0: Ball
3-0: Called Strike
3-1: Fly out, F3 (Popup, 34, EV 76.9 MPH)
Batting: RHB John Dew 0-0: Called Strike
0-1: Ball
1-1: Ball
2-1: Foul Ball, location: 2F
2-2: Foul Ball, location: 2F
2-2: Foul Ball, location: 2F
2-2: SINGLE (Groundball, 56, EV 108.1 MPH) (infield hit)
Batting: RHB Ryan Gautney 0-0: Ball
1-0: Called Strike
1-1: DOUBLE (Flyball, 8RXD, EV 87.5 MPH)
John Dew to third
Runner from 3rd tries for Home, throw by CF and OUT! 8-4-2
Batting: LHB David Campbell 0-0: Swinging Strike
0-1: Swinging Strike
0-2: Ball
1-2: Strikes out swinging
Bottom of the 6th over - 0 runs, 2 hits, 0 errors, 1 left on base; Quad Cities 6 - Cedar Rapids 4
TOP OF THE 7TH
Quad Cities River Bandits batting - Pitching for Cedar Rapids Kernels : LHP Josh Armstrong
Pitching: RHP Bruce Wight
Batting: RHB Alex Campos 0-0: Ball
1-0: SINGLE (Line Drive, 89S, EV 113.8 MPH)
Batting: RHB Erik Smith 0-0: Foul Ball, location: 2F
0-1: Ball
1-1: Ball
2-1: Foul Ball, location: 2F
2-2: Ball
3-2: Strikes out swinging
Batting: RHB Kieron Clark 0-0: Foul Ball, location: 2F
0-1: Swinging Strike
0-2: Strikes out swinging
Batting: RHB Jason Monico 0-0: Fielders Choice at 2nd, 5-4 (Groundball, 56, EV 83.1 MPH)
Top of the 7th over - 0 runs, 1 hit, 0 errors, 1 left on base; Quad Cities 6 - Cedar Rapids 4
BOTTOM OF THE 7TH
Cedar Rapids Kernels batting - Pitching for Quad Cities River Bandits : LHP T.J. Westover
Pitching: LHP Francisco de la Torre
Batting: SHB Manny Molina 0-0: SINGLE (Groundball, 6, EV 95.6 MPH)
Batting: RHB Tony Crespo 0-0: Ball
Manny Molina steals 2nd base
1-0: Foul Ball, location: 2F
1-1: Foul Ball, location: 2F
1-2: Strikes out swinging
Pinch Hitting: RHB Jeremy Witt 0-0: Ball
1-0: Foul Ball, location: 2F
1-1: Called Strike
1-2: Strikes out looking
Batting: RHB Nick Phipps 0-0: Ball
1-0: Ball
2-0: Ball
3-0: Base on Balls
Batting: RHB Rick Kendall 0-0: Called Strike
0-1: Foul Ball, location: 2F
0-2: Ball
1-2: Strikes out swinging
Bottom of the 7th over - 0 runs, 1 hit, 0 errors, 2 left on base; Quad Cities 6 - Cedar Rapids 4
TOP OF THE 8TH
Quad Cities River Bandits batting - Pitching for Cedar Rapids Kernels : RHP Bruce Wight
Pitching: RHP Orlando Guapo
Now in LF: Antonio Gutierrez
Batting: RHB Reginald McDougall 0-0: Called Strike
0-1: Ball
1-1: Foul Ball, location: 2F
1-2: TRIPLE (Flyball, 89XD, EV 101.2 MPH)
Batting: RHB Matthew Adams 0-0: Ground out 5-3 (Groundball, 5, EV 78.8 MPH)
Batting: RHB Marty King 0-0: Called Strike
0-1: Ball
1-1: Ball
2-1: SINGLE (Line Drive, 9LS, EV 91.9 MPH)
Reginald McDougall scores
Batting: RHB Bobby Larson 0-0: Called Strike
0-1: Ball
1-1: Foul Ball, location: 2F
1-2: Ball
2-2: Ball
3-2: Base on Balls
Marty King to second
Batting: RHB Adrian Martinelli 0-0: Foul Ball, location: 2F
0-1: Ball
1-1: Foul Ball, location: 2F
1-2: Fielders Choice at 3rd, U5 (Groundball, 5L, EV 83.1 MPH)
Bobby Larson to second
Batting: RHB Alex Campos 0-0: Ball
1-0: Ball
2-0: Swinging Strike
2-1: Foul Ball, location: 2F
2-2: Strikes out swinging
Top of the 8th over - 1 run, 2 hits, 0 errors, 2 left on base; Quad Cities 7 - Cedar Rapids 4
BOTTOM OF THE 8TH
Cedar Rapids Kernels batting - Pitching for Quad Cities River Bandits : LHP Francisco de la Torre
Pitching: RHP Malachi Shelton
Batting: SHB Matt Urbani 0-0: Called Strike
0-1: Swinging Strike
0-2: Foul Ball, location: 2F
0-2: Ball
1-2: Foul Ball, location: 2F
1-2: Foul Ball, location: 2F
1-2: SOLO HOME RUN (Flyball, 9LD, EV 95.0 MPH), Distance : 335 ft
Batting: RHB John Dew 0-0: Ball
1-0: Ball
2-0: Called Strike
2-1: Swinging Strike
2-2: SINGLE (Groundball, 6MD, EV 104.4 MPH)
Batting: RHB Ryan Gautney 0-0: Called Strike
0-1: Swinging Strike
0-2: Ball
1-2: Ball
2-2: Ball
3-2: Strikes out swinging
Batting: LHB David Campbell 0-0: Ball
1-0: Grounds into double play, 4-6-3 (Groundball, 4, EV 108.1 MPH)
Bottom of the 8th over - 1 run, 2 hits, 0 errors, 0 left on base; Quad Cities 7 - Cedar Rapids 5
TOP OF THE 9TH
Quad Cities River Bandits batting - Pitching for Cedar Rapids Kernels : RHP Orlando Guapo
Pitching: RHP Matt Lundy
Batting: RHB Erik Smith 0-0: Fly out, F5 (Line Drive, 56, EV 75.0 MPH)
Batting: RHB Kieron Clark 0-0: Ball
1-0: Swinging Strike
1-1: Ground out 6-3 (Groundball, 6, EV 92.5 MPH)
Batting: RHB Jason Monico 0-0: Ball
1-0: Ball
2-0: Ball
3-0: Base on Balls
Batting: RHB Reginald McDougall 0-0: Ball
1-0: TRIPLE (Groundball, 5L, EV 97.5 MPH)
Jason Monico scores
Batting: RHB Matthew Adams 0-0: Called Strike
0-1: Ball
1-1: Ball
2-1: Foul Ball, location: 2F
2-2: Foul Ball, location: 2F
2-2: Foul Ball, location: 2F
2-2: Strikes out swinging
Top of the 9th over - 1 run, 1 hit, 0 errors, 1 left on base; Quad Cities 8 - Cedar Rapids 5
BOTTOM OF THE 9TH
Cedar Rapids Kernels batting - Pitching for Quad Cities River Bandits : RHP Malachi Shelton
Pitching: RHP Aaron Shapiro
Batting: SHB Manny Molina 0-0: Ball
1-0: Called Strike
1-1: Called Strike
1-2: Ball
2-2: Strikes out swinging
Batting: RHB Tony Crespo 0-0: Swinging Strike
0-1: SINGLE (Groundball, 34D, EV 98.1 MPH)
Batting: LHB Antonio Gutierrez 0-0: SINGLE (Groundball, 34D, EV 96.9 MPH)
Tony Crespo to second
Batting: RHB Nick Phipps 0-0: Ball
1-0: SINGLE (Groundball, 56D, EV 98.1 MPH)
Tony Crespo to third
Antonio Gutierrez to second
Batting: RHB Rick Kendall 0-0: Grounds into double play, 4-6-3 (Groundball, 4, EV 90.0 MPH)
Bottom of the 9th over - 0 runs, 3 hits, 0 errors, 2 left on base; Quad Cities 8 - Cedar Rapids 5
Thursday, December 15th , 2022 - OOTP Baseball 23.9 Build 102